 Dungeon Crawl Stone Soup version 0.18-a0-46-g45ca8e4 (webtiles) character file.

375875 bart the Executioner (level 22, -10/205 HPs)
             Began as a Hill Orc Chaos Knight on Oct 31, 2015.
             Was the Champion of the Shining One.
             Mangled by an ettin
             ... wielding a +0 dire flail
              (20 damage)
             ... while paralysed by an ancient lich
             ... on level 5 of the Vaults on Nov 6, 2015.
             The game lasted 04:02:11 (27792 turns).

bart the Executioner (Hill Orc Chaos Knight)       Turns: 27792, Time: 04:02:12

Health: -10/205    AC: 33    Str: 19    XL:     22   Next: 77%
Magic:  32/32      EV:  4    Int: 15    God:    the Shining One [******]
Gold:   2500       SH:  0    Dex: 16    Spells: 3 memorised, 10 levels left

rFire  . . .     SeeInvis .     a - +9 executioner's axe (holy)
rCold  + . .     Clarity  +     t - +1 plate armour "Caoreum" {-Cast rN+ Int+3 Slay+2 Stlth+}
rNeg   + + +     SustAt   .     (shield currently unavailable)
rPois  +         Gourm    .     n - +2 helmet
rElec  .         Spirit   .     U - +2 cloak
rCorr  .         Warding  .     Q - +2 pair of gloves
rMut   .         Stasis   .     T - +2 pair of boots
MR     ++...     NoCast   +     z - amulet of regeneration
Stlth  +.........               W - +4 ring of evasion
                                V - ring of protection from cold

@: paralysed, very slightly contaminated, glowing, very resistant to hostile
enchantments, very unstealthy
A: repulsion field 1, breathe flames 1, clarity, magic resistance 1, poison
resistance, screaming 1, slow regeneration 1, wild magic 1
a: Divine Shield, Cleansing Flame, Summon Divine Warrior, Renounce Religion,
Breathe Fire
}: 2/15 runes: barnacled, gossamer


You were on level 5 of the Vaults.
You worshipped the Shining One.
The Shining One was exalted by your worship.
You were hungry.

You visited 10 branches of the dungeon, and saw 52 of its levels.
You also visited: Ice Cave and Wizlab.

You collected 4747 gold pieces.
You spent 2247 gold pieces at shops.

Inventory:

Hand Weapons
 a - a +9 executioner's axe of holy wrath (weapon)
 g - a +4 battleaxe of freezing
Missiles
 l - 16 javelins of penetration (quivered)
 B - 3 throwing nets {=f}
Armour
 n - a +2 helmet (worn)
 t - the +1 plate armour "Caoreum" (worn) {-Cast rN+ Int+3 Slay+2 Stlth+}
   (You found it on level 8 of the Lair of Beasts)

   It affects your intelligence (+3).
   It affects your accuracy and damage with ranged weapons and melee attacks
   (+2).
   It protects you from negative energy.
   It prevents spellcasting.
   It makes you more stealthy.
 Q - a +2 pair of gloves (worn)
 T - a +2 pair of boots (worn)
 U - a +2 cloak (worn)
Jewellery
 d - an uncursed amulet of rage
 h - the ring "Gecuesej" {Fire rN+ MP-9 Slay+3}
   (You found it on level 3 of the Elven Halls)

   [ring of fire]

   It enhances your fire magic, and weakens your ice magic.
   It affects your accuracy and damage with ranged weapons and melee attacks
   (+3).
   It protects you from fire.
   It makes you vulnerable to cold.
   It protects you from negative energy.
   It affects your magic capacity (-9).
 y - an uncursed amulet of resist mutation
 z - an amulet of regeneration (around neck)
 A - an uncursed ring of teleportation
 D - an uncursed amulet of warding {Ward, rN+}
 G - an uncursed ring of protection from magic
 V - a ring of protection from cold (left hand)
 W - a +4 ring of evasion (right hand)
Wands
 e - a wand of disintegration (5)
 k - a wand of heal wounds (5)
 C - a wand of cold (8)
 H - a wand of teleportation (4)
 O - a wand of heal wounds (6)
 S - a wand of digging (8)
 Y - a wand of teleportation (5)
Scrolls
 c - 5 scrolls of fear
 j - 10 scrolls of remove curse
 p - 2 scrolls of enchant armour
 q - 2 scrolls of recharging
 r - 3 scrolls of immolation {!r}
 s - 2 scrolls of silence
 I - 2 scrolls of blinking {!r}
 J - 12 scrolls of identify
 R - a scroll of teleportation
 Z - a scroll of fog
Potions
 f - 5 potions of haste
 o - 4 potions of flight
 u - 12 potions of curing
 K - 3 potions of agility
 L - 3 potions of resistance
 M - 7 potions of might
Miscellaneous
 m - 3 phantom mirrors
 v - a sack of spiders
 P - a phial of floods
Comestibles
 i - 19 bread rations
 x - 11 chunks of flesh
 E - 11 fruits
 X - a meat ration


   Skills:
 - Level 19.1 Fighting
 - Level 26.2 Axes
 + Level 4.2 Throwing
 - Level 17.1 Armour
 - Level 12.0 Dodging
 - Level 9.4 Stealth
 + Level 12.7 Invocations
 - Level 13.9 Evocations


You had 10 spell levels left.
You knew the following spells:

 Your Spells              Type           Power        Failure   Level  Hunger
a - Repel Missiles        Chrm/Air       #.....       100%        2    ###....
A - Apportation           Tloc           #.........   100%        1    ##.....
B - Controlled Blink      Tloc           N/A          100%        8    #######


Dungeon Overview and Level Annotations

Branches:
Dungeon (15/15)            Temple (1/1) D:5            Lair (8/8) D:9
 Shoals (4/4) Lair:6       Spider (4/4) Lair:3        Slime (0/6) Lair:7
    Orc (4/4) D:10            Elf (3/3) Orc:4        Vaults (5/5) D:13
  Crypt (3/3) Vaults:2       Tomb (0/3) Crypt:3      Depths (5/5) D:15
    Zot: Depths:5

Altars:
Ashenzari
Cheibriados
Elyvilon
Gozag
Kikubaaqudgha
Makhleb
Qazlal
Ru
Sif Muna
Trog
Xom
Yredelemnul
The Shining One
Beogh

Shops:
D:5 [   D:7 ?   D:8 (   D:9 :   Orc:2 %}?!   Orc:3 }   Orc:4 [(([   Elf:1 *
Elf:2 (   Elf:3 !   Vaults:2 [

Portals:
Hell: Depths:4
Ziggurat: Depths:4

Annotations:
D:4 glosham's ghost, amateur DgMo
D:7 1viktor's ghost, novice GrFi
Lair:7 exclusion: 4 oklob plants
Lair:8 exclusion: 2 oklob plants
Elf:2 1 runed door


Innate Abilities, Weirdness & Mutations

You are surrounded by a mild repulsion field (EV +2).
You can breathe flames.
You possess an exceptional clarity of mind.
You are resistant to hostile enchantments.
Your system is resistant to poisons.
You occasionally shout uncontrollably at your foes.
You regenerate slowly when monsters are visible.
Your spells are a little harder to cast, but a little more powerful.


Message History

The orc wizard flickers and vanishes for a moment.
The vault guard is engulfed in roaring flames.
Unknown command.
You slash the orc warrior!
You kill the orc warrior!
Unknown command.
You slice the orc wizard!!
You kill the orc wizard!
You closely miss the green very ugly thing.
The vault guard is engulfed in roaring flames.
Unknown command.
You hit the green very ugly thing. The green very ugly thing gores you.
You take 3 damage, and have 173/205 hp.
Unknown command.
You slash the green very ugly thing!
Unknown command.
You hit the green very ugly thing.
Unknown command.
You hit the green very ugly thing but do no damage.
The green very ugly thing closely misses you.
The ettin is engulfed in roaring flames.
Unknown command.
You barely miss the green very ugly thing.
Unknown command.
You slice the green very ugly thing!! You slash the vault guard!
The green very ugly thing gores you but does no damage.
Unknown command.
You slash the green very ugly thing! You hit the vault guard.
The vault guard hits you with a great sword.
You take 5 damage, and have 169/205 hp.
Unknown command.
You barely miss the green very ugly thing.
Your plate armour "Caoreum" prevents you from hitting the vault guard.
The green very ugly thing gores you but does no damage.
Unknown command.
You slash the green very ugly thing! You slice the vault guard!!
The vault guard explodes!
The fiery explosion engulfs you!
The fiery explosion engulfs the vault guard.
You are engulfed in roaring flames.
You hear a horrible gurgling sound!
You hear a shout!
You hear a shout!
You hear a roar!
You hear a shout!
The vault guard's inner flame fades away.
The vault guard is engulfed in roaring flames.
Unknown command.
The green very ugly thing barely misses you.
Items here: ) [[ †† a dagger; a robe; a ring mail; an orc corpse; an orc corpse Unknown command.
The green very ugly thing barely misses you.
Unknown command.
You are feeling hungry.
You slash the green very ugly thing!
You kill the green very ugly thing!
The vault guard is engulfed in roaring flames.
You kill the vault guard!
Unknown command.
Aim: an ettin, wielding two dire flails (lightly wounded, haloed, inner flame)
You throw a javelin of penetration.
The javelin of penetration pierces through the ettin.
Aim: an ettin, wielding two dire flails (moderately wounded, haloed, inner flame)
You throw a javelin of penetration.
The javelin of penetration pierces through the ettin but does no damage.
Aim: an ettin, wielding two dire flails (moderately wounded, haloed, inner flame)
The bolt of cold hits the ettin.
This wand has 9 charges left.
Aim: an ettin, wielding two dire flails (heavily wounded, haloed, inner flame)
The bolt of cold hits the ettin.
This wand has 8 charges left.
An ancient lich comes into view.
The ancient lich shouts!
Unknown command.
The vault guard's inner flame fades away.
Unknown command.
Your extra speed is starting to run out.
The ancient lich gestures at you while chanting.
You suddenly lose the ability to move!
The ettin's inner flame fades away.
The ettin hits you with a dire flail!! The ettin hits you with a dire flail!
A storm dragon comes into view.
The storm dragon roars!
The ancient lich casts a spell at you.
You fall asleep.
The storm dragon breathes lightning at you.
Helpless, you fail to dodge the bolt of lightning.
You wake up.
The ettin hits you with a dire flail!
* * * LOW HITPOINT WARNING * * *
The ettin hits you with a dire flail!!
* * * LOW HITPOINT WARNING * * *
The storm dragon moves out of view.
The ancient lich touches you!
* * * LOW HITPOINT WARNING * * *
The ettin hits you with a dire flail!
* * * LOW HITPOINT WARNING * * *
The ettin hits you with a dire flail!
* * * LOW HITPOINT WARNING * * *
You feel yourself slow down.
The ancient lich gestures wildly while chanting.
The ancient lich seems to speed up.
The ettin hits you with a dire flail!!
* * * LOW HITPOINT WARNING * * *
The ettin hits you with a dire flail!!
You die...

###############
..............
............
##........##
#..DL.......
#@...# #Cp..#
#....# #....#
#....# #)).%#
#§§§.# #%§§.#
#§§§(#


You could see an ancient lich, a storm dragon, a vault guard and an ettin.

Vanquished Creatures
  An ancient lich (WizLab)
  Saint Roka (Elf:2)
  A caustic shrike (Depths:3)
  A golden dragon (Depths:4)
  Jory (Vaults:2)
  Xtahua (Crypt:3)
  2 bone dragons
  A profane servitor (Crypt:3)
  A lich (Crypt:3)
  2 deep elf blademasters (Elf:3)
  A titan (Depths:5)
  A shadow dragon (Depths:4)
  Agnes (Elf:2)
  Frances (Spider:1)
  Kirke (Lair:5)
  4 ancient champions
  A storm dragon (Depths:5)
  A revenant (Crypt:3)
  A tengu reaver (Depths:1)
  11 vault wardens
  5 frost giants
  A fire giant (Depths:4)
  2 ghost moths (Spider:4)
  Aizul (Depths:1)
  3 emperor scorpions (Spider:4)
  An orc warlord (Orc:4)
  2 curse skulls
  7 deep elf sorcerers (Elf:3)
  The ghost of Alipheese the Brawler, a journeyman NaFi of Okawaru (Lair:8)
  7 ironheart preservers
  12 ghouls
  12 stone giants
  4 very ugly things
  5 deep elf demonologists
  4 dire elephants (Lair:8)
  10 deep elf annihilators (Elf:3)
  A mottled draconian (Depths:5)
  A yellow draconian (Depths:4)
  2 merfolk javelineers (Shoals:4)
  15 deep elf death magi
  5 vampire knights
  Snorg (Lair:6)
  4 ettins
  20 jiangshi
  26 vault guards
  3 eidola
  3 merfolk impalers
  5 fire dragons
  7 deep elf high priests (Elf:3)
  3 yaktaur captains
  2 entropy weavers
  5 great orbs of eyes
  2 rakshasas
  3 ice dragons
  4 hydras
  The ghost of xeno23 the Spear-Bearer, a journeyman MfIE of Sif Muna (Lair:4)
  6 death knights
  An anaconda (Lair:8)
  The ghost of 4thArraOfDagon the Cleaver, a journeyman VSBe of Trog (Lair:8)
  8 centaur warriors
  A satyr (shapeshifter) (D:13)
  An anaconda (shapeshifter) (Vaults:1)
  A merfolk avatar (Shoals:4)
  4 ogre magi
  3 merfolk aquamancers (Shoals:4)
  A spectral stone giant (Crypt:3)
  A dancing weapon (Elf:2)
  4 deep troll shamans
  3 vampire magi
  6 death yaks
  2 deep troll earth magi
  3 tengu warriors
  4 orc high priests (Orc:4)
  A spriggan berserker (Depths:4)
  Urug (Lair:3)
  A soul eater (Crypt:1)
  10 deep elf knights
  6 hell knights
  A titan skeleton (Crypt:1)
  4 iron trolls
  2 shadow wraiths (Crypt:3)
  A giant orange brain (Depths:2)
  A fire crab (shapeshifter) (D:13)
  A storm dragon skeleton (Crypt:1)
  31 skeletal warriors
  4 sea snakes
  3 wizards
  8 flayed ghosts
  An unseen horror (D:14)
  8 deep elf summoners
  An orange crystal statue (Vaults:1)
  12 ironbrand convokers
  2 hill giants
  13 deep trolls
  8 orc knights
  A wolf spider zombie (D:13)
  2 anubis guards (shapeshifter) (D:13)
  A mana viper (shapeshifter) (Vaults:3)
  3 necromancers
  5 orc sorcerers
  A tengu zombie (Vaults:2)
  A stone giant zombie (Crypt:2)
  3 phantasmal warriors
  11 deep elf conjurers
  3 orb spiders (Spider:4)
  7 manticores
  2 water nymphs
  13 wolf spiders
  5 hornets (Spider:4)
  A sphinx skeleton (Vaults:2)
  A hornet (shapeshifter) (Depths:4)
  6 cyclopes
  20 ugly things
  9 elephants
  16 vault sentinels
  Maurice (D:13)
  A guardian serpent (Depths:4)
  An octopode (shapeshifter) (Vaults:1)
  7 black mambas
  5 griffons
  4 sirens
  The ghost of mrath the Digger, a novice GrEE (D:5)
  2 torpor snails
  12 spiny frogs
  6 gargoyles
  2 kobold demonologists
  3 komodo dragons
  A fire drake (shapeshifter) (Depths:4)
  7 swamp worm zombies (Crypt:2)
  10 demonic crawlers
  A yaktaur zombie (Vaults:2)
  23 yaktaurs
  A purple draconian skeleton (Crypt:2)
  A yaktaur (shapeshifter) (Vaults:1)
  3 fire drakes (Lair:8)
  3 deep elf priests
  5 freezing wraiths
  13 merfolk
  2 tengu conjurers (D:13)
  7 polar bears
  18 jumping spiders
  A polar bear (shapeshifter) (Vaults:3)
  7 trolls
  A snapping turtle (Shoals:4)
  12 deep elf magi
  A wind drake (shapeshifter) (D:14)
  2 bog bodies (Crypt:2)
  2 boulder beetles (Vaults:2)
  10 two-headed ogres
  18 slime creatures
  3 water elementals
  33 redbacks
  23 blink frogs
  33 flying skulls (Crypt:3)
  A stone giant simulacrum (Crypt:3)
  3 wyverns
  11 vampires
  3 shadows
  8 trapdoor spiders
  A steam dragon (D:13)
  20 tarantellas
  2 hill giant zombies (WizLab)
  11 wraiths
  45 yaks
  3 small abominations (Crypt:3)
  9 hippogriffs
  21 deep elf fighters
  9 wolves
  2 basilisks (shapeshifter)
  4 basilisks
  4 vampire mosquitoes
  5 hogs
  A human simulacrum (Vaults:2)
  6 wargs
  A soldier ant (shapeshifter) (Vaults:2)
  A mottled dragon (Vaults:2)
  12 porcupines
  6 water moccasins
  35 orc warriors
  A swamp dragon zombie (Crypt:2)
  Purgy (D:4)
  6 black bears
  2 sky beasts
  4 spiders
  A phantom (D:10)
  A wasp (D:13)
  7 necrophages
  2 ice beasts
  15 crocodiles
  3 centaurs
  31 ogres
  A big kobold (D:10)
  2 brain worms
  20 giant frogs
  A wyvern zombie (D:9)
  A dryad skeleton (Crypt:1)
  A scorpion (D:10)
  A wyvern skeleton (Crypt:1)
  2 earth elementals (Depths:2)
  2 human skeletons
  14 wights
  5 troll zombies (WizLab)
  9 electric eels
  An orc simulacrum (Vaults:2)
  32 killer bees
  4 crimson imps
  A giant frog zombie (D:12)
  2 centaur zombies
  A quasit (D:11)
  29 orc priests
  2 jellies
  8 hounds
  32 orc wizards
  6 centaur skeletons
  2 giant frog skeletons
  A black bear skeleton (Crypt:2)
  10 worker ants
  8 iguanas
  23 sheep
  5 ogre zombies (WizLab)
  A tengu skeleton (Crypt:1)
  5 adders
  A swamp drake skeleton (Crypt:1)
  37 river rats
  6 shadow imps
  A giant eyeball (Elf:2)
  2 oozes (D:2)
  An adder zombie (D:9)
  3 giant geckos
  162 orcs
  2 bats
  2 goblins (D:2)
  A hobgoblin (D:2)
  11 jackals
  A quokka (D:3)
  A ball python (shapeshifter) (D:6)
  2 ball pythons
  6 giant cockroaches
  A giant gecko skeleton (D:4)
  2 giant newts
  A giant newt skeleton (Crypt:1)
  7 kobolds
  A quokka zombie (Crypt:1)
  6 rats
  2 crawling corpses (Elf:2)
  14 fungi
  5 plants
1600 creatures vanquished.

Vanquished Creatures (collateral kills)
  Sojobo (Depths:2)
  A ghost moth (Spider:4)
  2 emperor scorpions (Spider:4)
  An iron troll (Depths:5)
  A sea snake (Shoals:4)
  A phantasmal warrior (Vaults:2)
  A siren (Shoals:4)
  2 merfolk (Shoals:4)
  A hog (Lair:5)
  A wasp (Spider:4)
  A crocodile (Lair:5)
  An electric eel (Lair:5)
14 creatures vanquished.

Vanquished Creatures (others)
  A draconian scorcher (Depths:5)
  A deep elf knight (Elf:2)
  An unseen horror (D:15)
  A hill giant (Vaults:4)
  A deep elf conjurer (Elf:2)
  A killer bee (D:8)
  An orc wizard (D:8)
  9 fungi
  5 lost souls
  6 plants (Lair:8)
27 creatures vanquished.

Grand Total: 1641 creatures vanquished

Notes
Turn   | Place    | Note
--------------------------------------------------------------
     0 | D:1      | bart the Hill Orc Chaos Knight began the quest for the Orb.
     0 | D:1      | Reached XP level 1. HP: 19/19 MP: 1/1
     2 | D:1      | Noticed a draconian
     2 | D:1      | Noticed a minotaur
     4 | D:1      | Noticed a tengu
     6 | D:1      | Noticed a demigod
     6 | D:1      | Noticed a naga
     8 | D:1      | XOM: silly message
    10 | D:1      | Noticed a centaur
    12 | D:1      | Noticed an ogre
    12 | D:1      | Noticed an elf
    14 | D:1      | Noticed a troll
    14 | D:1      | Noticed a merfolk
    16 | D:1      | Noticed a vampire
    16 | D:1      | Noticed a spriggan
    18 | D:1      | Noticed a formicid
    18 | D:1      | Noticed a human
    20 | D:1      | Noticed a felid
    20 | D:1      | Noticed an octopode
    22 | D:1      | Noticed a demonspawn
    22 | D:1      | Noticed a ghoul
    24 | D:1      | Noticed a gargoyle
    26 | D:1      | Noticed a dwarf
    26 | D:1      | Noticed a vine stalker
   174 | D:2      | Reached XP level 2. HP: 23/26 MP: 2/2
   180 | D:2      | Reached skill level 5 in Axes
   183 | D:2      | Found a burning altar of Makhleb.
   321 | D:2      | Found a white marble altar of Elyvilon.
   358 | D:2      | Reached XP level 3. HP: 28/31 MP: 3/3
   419 | D:3      | XOM: divination: magic mapping
   422 | D:3      | XOM: divination: magic mapping
   426 | D:3      | Reached skill level 6 in Axes
   434 | D:3      | Reached XP level 4. HP: 39/39 MP: 4/4
   466 | D:4      | XOM: divination: detect creatures
   629 | D:4      | XOM: colour smoke trail
   643 | D:4      | Noticed Purgy
   758 | D:4      | HP: 9/39 [Purgy (1)]
   759 | D:4      | Killed Purgy
   759 | D:4      | Reached skill level 8 in Axes
   759 | D:4      | Reached XP level 5. HP: 10/45 MP: 5/5
   794 | D:4      | XOM: silly message
   802 | D:4      | Noticed glosham's ghost (amateur DgMo)
   802 | D:4      | XOM: cast spell 'Metabolic Englaciation'
   803 | D:4      | XOM: cast spell 'Cause Fear'
   804 | D:4      | XOM: divination: detect items
   835 | D:3      | Found a sacrificial altar of Ru.
   990 | D:4      | XOM: harmless Pois miscast
  1003 | D:4      | XOM: harmless Necr miscast
  1093 | D:4      | Reached skill level 1 in Evocations
  1093 | D:4      | Reached XP level 6. HP: 51/51 MP: 6/6
  1151 | D:5      | Entered Level 5 of the Dungeon
  1181 | D:5      | XOM: divination: detect creatures
  1185 | D:5      | XOM: potion effect (haste)
  1245 | D:5      | Noticed mrath's ghost (novice GrEE)
  1273 | D:5      | XOM: potion effect (invisibility)
  1281 | D:5      | XOM: blink monster(s)
  1290 | D:5      | XOM: silly message
  1301 | D:5      | XOM: enchant monster (good)
  1328 | D:4      | Found a bloodstained altar of Trog.
  1342 | D:4      | Fell from the grace of Xom
  1342 | D:4      | Became a worshipper of Trog the Wrathful
  1461 | D:5      | Found Qyjaqowa's Antique Armour Shoppe.
  1486 | D:5      | Found a stormy altar of Qazlal.
  1527 | D:6      | XOM: chaos cloud
  1589 | D:6      | Reached skill level 2 in Evocations
  1603 | D:5      | Reached skill level 9 in Axes
  1654 | D:7      | Noticed 1viktor's ghost (novice GrFi)
  1702 | D:6      | Reached XP level 7. HP: 48/57 MP: 7/9
  1706 | D:6      | Reached skill level 3 in Evocations
  1954 | D:7      | Found Ihoeh's Magic Scroll Shoppe.
  1968 | D:7      | Bought a scroll of blinking for 97 gold pieces
  2029 | D:7      | Reached skill level 10 in Axes
  2029 | D:7      | Reached skill level 4 in Evocations
  2163 | D:8      | Reached * piety under Trog
  2196 | D:9      | Noticed a death yak
  2213 | D:8      | XOM: polymorph sky beast -> black bear
  2219 | D:8      | Reached XP level 8. HP: 46/64 MP: 11/11
  2223 | D:8      | Gained mutation: You are weak. (Str -2) [mutagenic meat]
  2224 | D:8      | Gained mutation: Your system is resistant to poisons. [mutagenic meat]
  2225 | D:8      | Gained mutation: You are agile. (Dex +2) [mutagenic meat]
  2226 | D:8      | Gained mutation: You are very agile. (Dex +4) [mutagenic meat]
  2286 | D:8      | XOM: give mutations
  2286 | D:8      | Lost mutation: You are weak. (Str -2) [Xom's mischief]
  2286 | D:8      | Gained mutation: You evolve. [Xom's mischief]
  2323 | D:7      | XOM: enchant monster (good)
  2354 | D:8      | Reached skill level 5 in Evocations
  2414 | D:8      | Found Zaut's Weapon Shoppe.
  2680 | D:9      | Found a staircase to the Lair.
  2714 | D:9      | Reached skill level 11 in Axes
  2768 | D:9      | Reached skill level 6 in Evocations
  2863 | D:8      | XOM: medium Chrm miscast
  2875 | D:8      | XOM: summons 4 hostile shadow creatures
  2981 | D:8      | Reached XP level 9. HP: 62/70 MP: 14/14
  3057 | D:9      | Reached skill level 12 in Axes
  3057 | D:9      | Reached skill level 7 in Evocations
  3108 | D:9      | Noticed an elephant
  3141 | D:9      | Found Wiumentuh's Book Emporium.
  3212 | D:9      | Killed an elephant
  3256 | Lair:1   | Entered Level 1 of the Lair of Beasts
  3268 | Lair:1   | Noticed a spiny frog
  3291 | Lair:1   | Reached skill level 8 in Evocations
  3363 | Lair:1   | Killed a spiny frog
  3363 | Lair:1   | Reached skill level 13 in Axes
  3380 | D:9      | XOM: give mutations
  3380 | D:9      | Lost mutation: You are very agile. (Dex +4) [Xom's mischief]
  3380 | D:9      | Gained mutation: You regenerate slowly when monsters are visible. [Xom's mischief]
  3380 | D:9      | Gained mutation: Your mind is acute. (Int +2) [Xom's mischief]
  3424 | Lair:1   | Reached ** piety under Trog
  3425 | Lair:1   | Reached skill level 9 in Evocations
  3425 | Lair:1   | Reached XP level 10. HP: 77/77 MP: 16/16
  3524 | Lair:1   | Reached skill level 14 in Axes
  3632 | Lair:1   | Got a bloodstained scale mail
  3645 | Lair:1   | Identified the +2 scale mail "Susiam" {+Inv rElec rPois Int-5} (You found it on level 1 of the Lair of Beasts)
  3678 | Lair:1   | Noticed a spiny frog
  3695 | Lair:1   | Killed a spiny frog
  3695 | Lair:1   | Reached skill level 4 in Fighting
  3760 | Lair:1   | Reached skill level 3 in Armour
  3824 | Lair:2   | Reached skill level 5 in Fighting
  3961 | Lair:1   | Reached skill level 4 in Armour
  4092 | Lair:1   | XOM: give mutations
  4092 | Lair:1   | Gained mutation: Your body sometimes deteriorates upon taking damage. [Xom's mischief]
  4092 | Lair:1   | Lost mutation: Your system is resistant to poisons. [Xom's mischief]
  4092 | Lair:1   | Gained mutation: Your body often deteriorates upon taking damage. [Xom's mischief]
  4092 | Lair:1   | Gained mutation: Armour fits poorly on your strangely shaped body. [Xom's mischief]
  4112 | Lair:1   | Gained mutation: You occasionally shout uncontrollably at your foes. [potion of mutation]
  4112 | Lair:1   | Gained mutation: You are weak. (Str -2) [potion of mutation]
  4112 | Lair:1   | Gained mutation: You are surrounded by a mild repulsion field (EV +2). [potion of mutation]
  4199 | Lair:3   | XOM: noise
  4205 | Lair:3   | Noticed a death yak
  4207 | Lair:3   | Noticed a death yak
  4207 | Lair:3   | Noticed a death yak
  4252 | Lair:2   | Reached skill level 6 in Fighting
  4252 | Lair:2   | Reached skill level 5 in Armour
  4261 | Lair:2   | Reached *** piety under Trog
  4261 | Lair:2   | Reached XP level 11. HP: 90/90 MP: 18/18
  4266 | Lair:2   | Reached skill level 15 in Axes
  4279 | Lair:2   | Noticed a black mamba
  4286 | Lair:2   | Killed a black mamba
  4462 | D:9      | Killed a death yak
  4462 | D:9      | Reached skill level 7 in Fighting
  4462 | D:9      | Reached skill level 6 in Armour
  4520 | D:9      | Noticed a wyvern
  4521 | D:9      | XOM: enchant monster (bad)
  4534 | D:9      | Killed a wyvern
  4601 | D:10     | Entered Level 10 of the Dungeon
  4700 | D:10     | XOM: 2-stop teleportation journey
  4763 | D:10     | XOM: noise
  4828 | D:10     | XOM: cast spell 'Summon Butterflies'
  5011 | D:10     | Gained mutation: Your system is resistant to poisons. [evolution]
  5056 | D:10     | Found a staircase to the Orcish Mines.
  5061 | Orc:1    | Entered Level 1 of the Orcish Mines
  5091 | Orc:1    | Reached **** piety under Trog
  5176 | Orc:1    | Found a frozen archway.
  5205 | IceCv    | Entered an ice cave
  5220 | IceCv    | Reached skill level 7 in Armour
  5270 | IceCv    | Reached skill level 8 in Fighting
  5377 | IceCv    | Reached skill level 16 in Axes
  5484 | IceCv    | Noticed a frost giant
  5664 | Orc:2    | Reached ***** piety under Trog
  5686 | Orc:2    | Found Eboxar's Distillery.
  5693 | Orc:2    | Found Tyidif's Magic Scroll Emporium.
  5695 | Orc:2    | Gained mutation: You can breathe flames. [potion of beneficial mutation]
  5697 | Orc:2    | Gained mutation: You have large cloven feet. [potion of beneficial mutation]
  5698 | Orc:2    | Bought a potion of agility for 48 gold pieces
  5698 | Orc:2    | Bought a potion of might for 48 gold pieces
  5698 | Orc:2    | Bought a potion of haste for 120 gold pieces
  5698 | Orc:2    | Bought a potion of resistance for 120 gold pieces
  5724 | Orc:2    | Bought a scroll of fear for 52 gold pieces
  5807 | Orc:2    | Found Boisiq's Gadget Emporium.
  5922 | Orc:1    | XOM: noise
  5944 | Orc:3    | Found Zoddy's Gadget Emporium.
  6165 | Orc:3    | Reached skill level 9 in Fighting
  6211 | Orc:3    | Reached skill level 8 in Armour
  6322 | Orc:3    | You fall through a shaft!
  6322 | Orc:4    | Entered Level 4 of the Orcish Mines
  6378 | Orc:2    | Received a gift from Trog
  6441 | Orc:1    | Noticed an orc knight
  6448 | Orc:1    | Reached XP level 12. HP: 104/104 MP: 19/19
  6473 | Orc:2    | Found a roughly hewn altar of Beogh.
  6489 | Orc:2    | Found Ovif's Food Shop.
  6509 | Orc:2    | Lost mutation: Your mind is acute. (Int +2) [evolution]
  6668 | Orc:4    | Noticed an orc warlord
  6985 | D:8      | HP: 24/104 [orc priest/flail (9)]
  7100 | D:5      | Bought a smoking cloak for 275 gold pieces
  7110 | D:5      | Identified the cursed -7 cloak "Ewutatt" {rPois Int-5 Dex-5 SInv} (You bought it in a shop on level 5 of the Dungeon)
  7110 | D:5      | Bought a pair of boots for 130 gold pieces
  7478 | Lair:2   | Identified Sif Muna's Disquisition on Destructive Glamour
  7500 | Lair:2   | Killed a death yak
  7543 | Lair:3   | Noticed a death yak
  7544 | Lair:3   | Noticed a death yak
  7559 | Lair:2   | Killed a death yak
  7559 | Lair:2   | Reached skill level 17 in Axes
  7559 | Lair:2   | Reached skill level 9 in Armour
  7609 | Lair:2   | XOM: mild Air miscast
  7642 | Lair:3   | Killed a death yak
  7644 | Lair:3   | Noticed a torpor snail
  7722 | Lair:3   | XOM: enchant monster (bad)
  7729 | Lair:2   | Killed a torpor snail
  7785 | Lair:2   | Killed a death yak
  7819 | Lair:3   | Noticed Urug
  7852 | Lair:3   | Killed a death yak
  7852 | Lair:3   | Reached skill level 18 in Axes
  7853 | Lair:3   | XOM: mild Necr miscast
  7903 | Lair:3   | Gained mutation: You are resistant to hostile enchantments. [potion of beneficial mutation]
  7981 | Lair:3   | Killed Urug
  8012 | Lair:3   | Reached skill level 10 in Armour
  8065 | Lair:4   | Received a gift from Trog
  8071 | Lair:4   | Reached skill level 1 in Dodging
  8138 | Lair:4   | XOM: noise
  8318 | Lair:5   | Noticed Kirke
  8343 | Lair:6   | Reached XP level 13. HP: 100/111 MP: 20/20
  8436 | Lair:7   | Reached skill level 2 in Dodging
  8524 | Lair:6   | Noticed a five-headed hydra
  8540 | Lair:6   | Killed a one-headed hydra
  8540 | Lair:6   | Reached skill level 10 in Fighting
  8614 | Lair:7   | Found a staircase to the Slime Pits.
  8671 | Lair:7   | Reached skill level 19 in Axes
  8737 | Lair:7   | Reached skill level 3 in Dodging
  8815 | Lair:8   | XOM: noise
  8815 | Lair:8   | Entered Level 8 of the Lair of Beasts
  8824 | Lair:8   | XOM: medium Divn miscast
  9007 | Lair:7   | Received a gift from Trog
  9155 | Lair:8   | Noticed Alipheese's ghost (journeyman NaFi)
  9204 | Lair:8   | Noticed 4thArraOfDagon's ghost (journeyman VSBe)
  9246 | Lair:8   | Killed 4thArraOfDagon's ghost
  9248 | Lair:8   | Killed Alipheese's ghost
  9248 | Lair:8   | Reached skill level 4 in Dodging
  9251 | Lair:8   | XOM: medium Conj miscast
  9356 | Lair:8   | Reached skill level 11 in Fighting
  9493 | Lair:8   | Noticed a dire elephant
  9493 | Lair:8   | Noticed a dire elephant
  9508 | Lair:8   | Killed a dire elephant
  9512 | Lair:8   | Killed a dire elephant
  9534 | Lair:8   | Identified a scroll of acquirement
  9547 | Lair:8   | Got a distressingly furry plate armour
  9558 | Lair:8   | Identified the +1 plate armour "Caoreum" {-Cast rN+ Int+3 Slay+2 Stlth+} (You found it on level 8 of the Lair of Beasts)
  9632 | Lair:8   | Noticed a dire elephant
  9643 | Lair:8   | Killed a dire elephant
  9643 | Lair:8   | Reached skill level 20 in Axes
  9703 | Lair:8   | Reached XP level 14. HP: 124/124 MP: 21/21
  9720 | Lair:8   | Lost mutation: You are weak. (Str -2) [evolution]
  9794 | Lair:8   | Noticed a dire elephant
  9804 | Lair:8   | Killed a dire elephant
  9949 | Lair:6   | XOM: medium Erth miscast
 10063 | Lair:6   | Reached skill level 5 in Dodging
 10218 | Lair:5   | XOM: mild Summ miscast
 10308 | Lair:5   | Noticed a four-headed hydra
 10319 | Lair:5   | Killed a one-headed hydra
 10352 | Lair:5   | Killed Kirke
 10352 | Lair:5   | Reached skill level 12 in Fighting
 10389 | Lair:5   | XOM: medium Conj miscast
 10507 | Lair:4   | Received a gift from Trog
 10527 | Lair:4   | XOM: blink monster(s)
 10598 | Lair:4   | Noticed xeno23's ghost (journeyman MfIE)
 10612 | Lair:4   | Killed xeno23's ghost
 10673 | Lair:4   | XOM: noise
 10703 | Lair:4   | Reached skill level 21 in Axes
 10915 | Lair:3   | Found a hole to the Spider Nest.
 10932 | Spider:1 | Entered Level 1 of the Spider Nest
 10932 | Spider:1 | Noticed Frances
 10950 | Spider:1 | Killed Frances
 11207 | Spider:2 | XOM: 1-stop teleportation journey
 11474 | Spider:2 | Received a gift from Trog
 11480 | Spider:4 | Entered Level 4 of the Spider Nest
 11602 | Spider:4 | Reached skill level 13 in Fighting
 11622 | Spider:4 | Reached XP level 15. HP: 113/135 MP: 22/22
 11647 | Spider:4 | XOM: noise
 11701 | Spider:4 | Reached ****** piety under Trog
 11762 | Spider:4 | XOM: god gift: 41 gold pieces
 11762 | Spider:4 | Was forgiven by Xom
 11793 | Spider:4 | Reached skill level 22 in Axes
 11855 | Spider:3 | HP: 32/136 [redback (5)]
 11866 | Spider:3 | BLOAX: It's tournament time soon.
 11908 | Spider:3 | BLOAX: as you can see by looking at the page title
 11908 | Spider:3 | bart: 0.17 released already?
 11908 | Spider:3 | BLOAX: Not yet, but it sure will be soon.
 11966 | Spider:4 | Reached skill level 11 in Armour
 12087 | Spider:4 | HP: 30/136 [disintegration (29)]
 12355 | Spider:4 | Killed a ghost moth
 12502 | Spider:4 | Noticed an emperor scorpion
 12502 | Spider:4 | Noticed an emperor scorpion
 12502 | Spider:4 | Noticed an emperor scorpion
 12503 | Spider:4 | Noticed an emperor scorpion
 12508 | Spider:4 | Received a gift from Trog
 12591 | Spider:4 | Killed an emperor scorpion
 12594 | Spider:4 | Killed a ghost moth
 12630 | Spider:4 | HP: 34/137 [something (4)]
 12773 | Spider:4 | Killed an emperor scorpion
 12773 | Spider:4 | Killed an emperor scorpion
 12801 | Spider:4 | Noticed an emperor scorpion
 12802 | Spider:4 | Killed a ghost moth
 12815 | Spider:4 | HP: 29/137 [emperor scorpion (7)]
 12817 | Spider:4 | HP: 10/137 [wolf spider (11)]
 13012 | Spider:4 | Killed an emperor scorpion
 13103 | Spider:4 | Killed an emperor scorpion
 13103 | Spider:4 | Reached skill level 14 in Fighting
 13135 | Spider:4 | Got a gossamer rune of Zot
 13387 | Lair:6   | Noticed Snorg
 13394 | Lair:6   | Killed Snorg
 14055 | Lair:4   | this is fucking impossible
 14725 | Lair:6   | Found a staircase to the Shoals.
 14729 | Lair:6   | Reached skill level 23 in Axes
 14739 | Lair:6   | i'm an idiot
 14743 | Shoals:1 | Entered Level 1 of the Shoals
 14959 | Shoals:4 | Entered Level 4 of the Shoals
 14975 | Shoals:4 | Reached skill level 12 in Armour
 15190 | Shoals:4 | Reached XP level 16. HP: 107/147 MP: 23/23
 15271 | Shoals:3 | Received a gift from Trog
 15609 | Shoals:4 | Lost mutation: You are resistant to hostile enchantments. [potion of cure mutation]
 15609 | Shoals:4 | Lost mutation: You are agile. (Dex +2) [potion of cure mutation]
 15609 | Shoals:4 | Lost mutation: Armour fits poorly on your strangely shaped body. [potion of cure mutation]
 15609 | Shoals:4 | Lost mutation: Your body often deteriorates upon taking damage. [potion of cure mutation]
 15609 | Shoals:4 | Lost mutation: Your body sometimes deteriorates upon taking damage. [potion of cure mutation]
 15609 | Shoals:4 | Lost mutation: You have large cloven feet. [potion of cure mutation]
 15621 | Shoals:4 | Noticed a frost giant
 15640 | Shoals:4 | frost giant in new vault
 15640 | Shoals:4 | funny with no rC
 15711 | Shoals:4 | Killed a frost giant
 16025 | Shoals:4 | Got a barnacled rune of Zot
 16087 | Shoals:3 | Received a gift from Trog
 16209 | Lair:6   | Upgraded the game from 0.18-a0-5-gf1fb587 to 0.18-a0-33-g9e10395
 16299 | Lair:1   | Gained mutation: Your spells are a little harder to cast, but a little more powerful. [evolution]
 16471 | D:11     | Vidiiot: bart help :/
 16474 | D:11     | Vidiiot: ive got a problem
 16474 | D:11     | bart: nobody wants to join your clan?
 16503 | D:12     | Vidiiot: rofl
 16508 | D:12     | Vidiiot: Kind of
 16517 | D:12     | Vidiiot: I've been asking on /rlg/
 16521 | D:13     | Vidiiot: I want a /rlg/ team
 16523 | D:13     | Vidiiot: Even if it's shit
 16576 | D:14     | bart: but what can I do for you
 16576 | D:14     | bart: Join it?
 16577 | D:15     | Entered Level 15 of the Dungeon
 16610 | D:15     | Vidiiot: Do you want to??
 16626 | D:15     | Reached skill level 15 in Fighting
 16631 | D:15     | bart: of course! I want you to be my master.
 16660 | D:15     | Vidiiot: <333
 16705 | D:15     | Reached skill level 24 in Axes
 16781 | D:15     | bart: where do I sign in?
 16805 | D:15     | Vidiiot: Just put the line in your rc m8
 16808 | D:15     | Found a staircase to the Depths.
 16813 | Depths:1 | Entered Level 1 of the Depths
 16813 | Depths:1 | Noticed Aizul
 16827 | Depths:1 | Killed Aizul
 16888 | Depths:2 | Reached skill level 13 in Armour
 16942 | Depths:1 | bart: I'm glad I could help!
 16958 | Depths:1 | Vidiiot: Oh
 16962 | Depths:1 | Vidiiot: Are you serious?
 16989 | Depths:2 | bart: WHAT
 16989 | Depths:2 | bart: WHAT DOES THIS QUESTION MEAN
 17019 | Depths:2 | bart: do you think I would lie to you?!
 17022 | Depths:2 | Vidiiot: Do you want to be in my team
 17029 | Depths:2 | Vidiiot: Pls dont lie :(
 17072 | Depths:2 | Vidiiot: If I have 3 good players in my team I can recruit from rlg easier then
 17089 | Depths:2 | bart: hey Vidiiot
 17089 | Depths:2 | bart: what is rlg
 17111 | Depths:2 | Vidiiot: It's the 4chan roguelike forum
 17111 | Depths:2 | fuck this vault
 17138 | Depths:2 | bart: any players I know?
 17177 | Depths:2 | Vidiiot: Probably not no.
 17187 | Depths:2 | Vidiiot: I mean
 17204 | Depths:2 | bart: if they're not famous, why do you want them in your team?
 17264 | Depths:2 | Vidiiot: Well
 17276 | Depths:2 | Reached XP level 17. HP: 141/156 MP: 24/24
 17285 | Depths:2 | Vidiiot: I want to give rlg some motivation for the tournament
 17289 | Depths:2 | Vidiiot: They won in 0.13
 17303 | Depths:2 | Vidiiot: And since then no one has been fucke
 17304 | Depths:2 | bart: so they're good, but I don't know them
 17304 | Depths:2 | Vidiiot: If I can get a team together that can do well it might encourage more people next time etc
 17304 | Depths:2 | bart: if they're worthy
 17304 | Depths:2 | bart: count me in
 17304 | Depths:2 | bart: but my reputation might get ruined :D
 17368 | Depths:1 | Vidiiot: :D
 17379 | Depths:1 | Received a gift from Trog
 17407 | Depths:2 | bart: man, getting axes to 26 is expensive
 17413 | Depths:2 | Noticed Sojobo
 17438 | Depths:2 | Killed Sojobo
 17440 | Depths:2 | bye bye sobojobo
 17440 | Depths:2 | bart: btw
 17440 | Depths:2 | bart: if I join you, do I have to play? :/
 17475 | Depths:1 | Vidiiot: Rofl.
 17482 | Depths:1 | Vidiiot: Tbh
 17484 | Depths:1 | Vidiiot: No
 17499 | Depths:1 | Vidiiot: Just your name is enough to draw people <3
 17499 | Depths:1 | bart: what
 17499 | Depths:1 | bart: 61 dmg
 17499 | Depths:1 | bart: stupid asshole
 17696 | Depths:2 | Reached skill level 25 in Axes
 17717 | Depths:3 | Noticed a caustic shrike
 17734 | Depths:3 | Killed a caustic shrike
 17734 | Depths:3 | Reached skill level 16 in Fighting
 17848 | Depths:5 | Entered Level 5 of the Depths
 17919 | Depths:5 | bart: hey Vidiiot
 17919 | Depths:5 | bart: and these two other good players in your team
 17919 | Depths:5 | bart: who will that be?
 17985 | Depths:5 | Vidiiot: Oh
 17989 | Depths:5 | Vidiiot: Me and emiel.
 17996 | Depths:5 | Vidiiot: I mean
 18024 | Depths:5 | Vidiiot: We're both gonna get one 3 and 15 win.
 18045 | Depths:5 | Vidiiot: So we're gonna be a decent team.
 18049 | Depths:5 | Vidiiot: No idea about the other people.
 18051 | Depths:5 | Reached skill level 14 in Armour
 18065 | Depths:5 | Vidiiot: Ill see what rlg says
 18317 | Depths:4 | Found a gateway to a ziggurat.
 18361 | Depths:5 | Noticed a titan
 18475 | Depths:5 | Killed a titan
 18544 | Depths:5 | Noticed a bone dragon
 18587 | Depths:4 | Killed a bone dragon
 18763 | Depths:5 | SaintRoka: rlg?
 18849 | Depths:5 | Vidiiot: It's the 4chan subforum for roguelikes
 18858 | Depths:5 | Reached XP level 18. HP: 168/168 MP: 25/25
 18876 | Depths:5 | Received a gift from Trog
 18898 | Depths:4 | Noticed a golden dragon
 18908 | Depths:4 | Killed a golden dragon
 18908 | Depths:4 | Reached skill level 26 in Axes
 18935 | Depths:4 | SaintRoka: ah
 18970 | Depths:4 | nooo
 19023 | Depths:4 | Gained mutation: You possess an exceptional clarity of mind. [evolution]
 19117 | Depths:4 | Vidiiot: Do you visit it?
 19243 | Depths:4 | Found a gateway to Hell.
 19258 | Depths:3 | SaintRoka: nope, I don't
 19266 | Depths:3 | You fall through a shaft!
 19267 | Depths:4 | SaintRoka: have you any link ?
 19351 | D:15     | Vidiiot: http://boards.4chan.org/vg/thread/121353107
 19390 | D:14     | SaintRoka: tyvm!
 19402 | D:14     | Reached skill level 17 in Fighting
 19539 | D:13     | Found a basalt altar of Yredelemnul.
 19594 | D:13     | Reached skill level 6 in Dodging
 19596 | D:13     | Noticed Maurice
 19600 | D:13     | Killed Maurice
 19939 | Orc:2    | Bought 2 potions of flight for 72 gold pieces
 19939 | Orc:2    | Bought 2 potions of flight for 72 gold pieces
 19945 | Orc:2    | Bought a scroll of identify for 30 gold pieces
 19945 | Orc:2    | Bought a scroll of fear for 52 gold pieces
 19945 | Orc:2    | Bought a scroll of fear for 52 gold pieces
 19945 | Orc:2    | Bought a scroll of enchant armour for 112 gold pieces
 19945 | Orc:2    | Bought a scroll of recharging for 142 gold pieces
 19945 | Orc:2    | Bought a scroll of identify for 30 gold pieces
 19945 | Orc:2    | Bought 3 scrolls of enchant weapon for 337 gold pieces
 20009 | Orc:2    | Bought a bread ration for 65 gold pieces
 20009 | Orc:2    | Bought a bread ration for 65 gold pieces
 20009 | Orc:2    | Bought a bread ration for 65 gold pieces
 20009 | Orc:2    | Bought a bread ration for 65 gold pieces
 20048 | Orc:4    | Reached skill level 15 in Armour
 20233 | Orc:4    | Found Xuelon's Antique Weapon Emporium.
 20233 | Orc:4    | Found Kuunoira's Antique Armour Emporium.
 20233 | Orc:4    | Found Teipuav's Antique Weapon Shoppe.
 20238 | Orc:4    | Found Laof's Antique Armour Shoppe.
 20261 | Orc:4    | Received a gift from Trog
 20300 | Orc:4    | Found a staircase to the Elven Halls.
 20314 | Elf:1    | Entered Level 1 of the Elven Halls
 20324 | Elf:1    | Found Debis's Assorted Antiques.
 20332 | Elf:1    | Reached skill level 10 in Evocations
 20390 | Elf:2    | Noticed Saint Roka
 20423 | Elf:2    | Killed Saint Roka
 20434 | Elf:1    | HP: 29/170 [something (18)]
 20439 | Elf:1    | HP: 34/170 [something (2)]
 20774 | Elf:1    | Got a spiked ring mail
 20775 | Elf:1    | Identified the +3 ring mail of Beisoh {Int+7 Slay+3} (You found it on level 1 of the Elven Halls)
 20791 | Elf:2    | Received a gift from Trog
 20801 | Elf:2    | Got a warped battleaxe {god gift}
 20802 | Elf:2    | Identified the +2 battleaxe "Dost" {chop, +Blink Int+2 Dex-2} (Trog gifted it to you on level 2 of the Elven Halls)
 20838 | Elf:2    | Found Wydghi's Antique Weapon Emporium.
 20884 | Elf:2    | Noticed Agnes
 20895 | Elf:2    | Killed Agnes
 21070 | Elf:2    | Found a runed gate.
 21179 | Elf:3    | Entered Level 3 of the Elven Halls
 21184 | Elf:3    | BLOAX: I wonder how ridiculous the team I end up being on will look this year.
 21187 | Elf:3    | Reached skill level 1 in Stealth
 21207 | Elf:3    | Reached skill level 7 in Dodging
 21295 | Elf:3    | bart: A team of girls.
 21360 | Elf:3    | Found Qickiaru's Distillery.
 21365 | Elf:3    | Bought a potion of heal wounds for 55 gold pieces
 21365 | Elf:3    | Bought a potion of heal wounds for 55 gold pieces
 21365 | Elf:3    | Bought a potion of might for 44 gold pieces
 21365 | Elf:3    | Bought a potion of might for 44 gold pieces
 21397 | Elf:3    | Vidiiot: BLOAX if you still posted on rlg yu could join my team
 21530 | Elf:3    | Reached XP level 19. HP: 175/177 MP: 27/27
 21582 | Elf:3    | Reached skill level 2 in Stealth
 21665 | Elf:3    | Reached skill level 11 in Evocations
 21676 | Elf:3    | Reached skill level 3 in Stealth
 21707 | Elf:3    | Received a gift from Trog
 21940 | Elf:3    | Reached skill level 18 in Fighting
 22026 | Elf:3    | Reached skill level 4 in Stealth
 22173 | Elf:3    | Was placed under penance by Trog
 22175 | Elf:3    | Learned a level 1 spell: Apportation
 22188 | Elf:3    | Identified Nyeseima's Papyrus of Changing and Snow
 22240 | Elf:3    | Reached skill level 16 in Armour
 22297 | Elf:3    | Identified a cursed +6 rod of clouds (11/11) (You found it on level 3 of the Elven Halls)
 22360 | Elf:3    | Reached skill level 8 in Dodging
 22394 | Elf:3    | Learned a level 2 spell: Repel Missiles
 22399 | Elf:3    | Got a fine bone ring
 22401 | Elf:3    | Identified the ring "Gecuesej" {Fire rN+ MP-9 Slay+3} (You found it on level 3 of the Elven Halls)
 22914 | D:11     | Was forgiven by Trog
 23159 | D:5      | Found a staircase to the Ecumenical Temple.
 23165 | D:5      | Killed mrath's ghost
 23173 | Temple   | Entered the Ecumenical Temple
 23201 | Temple   | Fell from the grace of Trog
 23201 | Temple   | Became a worshipper of the Shining One
 23568 | D:13     | Reached * piety under the Shining One
 23579 | D:13     | Found a gate to the Vaults.
 23652 | Vaults:1 | Entered Level 1 of the Vaults
 23680 | Vaults:1 | Reached skill level 5 in Stealth
 24009 | Vaults:1 | Reached skill level 12 in Evocations
 24131 | Vaults:1 | Reached XP level 20. HP: 146/187 MP: 29/29
 24139 | Vaults:1 | Reached skill level 6 in Stealth
 24141 | Vaults:1 | Reached ** piety under the Shining One
 24152 | Vaults:1 | Reached skill level 9 in Dodging
 24240 | Vaults:2 | Noticed Jory
 24288 | Vaults:2 | Killed Jory
 24353 | Vaults:1 | Sphara: MR Mark
 24357 | Vaults:1 | bart: y
 24374 | Vaults:1 | bart: hey Sphara
 24374 | Vaults:1 | bart: how's been life for you
 24418 | Vaults:1 | Sphara: thanks for asking
 24426 | Vaults:2 | Sphara: been good
 24428 | Vaults:2 | Sphara: i guess
 24432 | Vaults:2 | Reached skill level 7 in Stealth
 24444 | Vaults:2 | bart: how long is the day now in your place?
 24588 | Vaults:2 | Sphara: gets dark around 4 PM
 24621 | Vaults:2 | Reached *** piety under the Shining One
 24659 | Vaults:2 | bart: pretty awful
 24659 | Vaults:2 | bart: I'm already getting my winter unwillingness to do anything.
 24681 | Vaults:2 | Found a staircase to the Crypt.
 24702 | Crypt:1  | Entered Level 1 of the Crypt
 24711 | Crypt:1  | Sphara: county is saving money for turning off streetlights in some part of town
 24720 | Crypt:1  | Sphara: in the part where i live
 24726 | Crypt:1  | Reached **** piety under the Shining One
 24726 | Crypt:1  | Sphara: you cannot see a thing after midnight
 24733 | Crypt:1  | yes, more elves
 24733 | Crypt:1  | as if two weren't enough
 24743 | Crypt:2  | Gained mutation: You are resistant to hostile enchantments. [evolution]
 24743 | Crypt:2  | Lost mutation: You evolve. [end of evolution]
 24760 | Crypt:3  | Entered Level 3 of the Crypt
 24777 | Crypt:3  | Reached ***** piety under the Shining One
 24790 | Crypt:3  | bart: isn't that a bit unsafe?
 24806 | Crypt:3  | Sphara: well it is
 24890 | Crypt:3  | Sphara: not the most peaceful part of the town
 24906 | Crypt:3  | Reached skill level 10 in Dodging
 24906 | Crypt:3  | Reached skill level 13 in Evocations
 24936 | Crypt:3  | Sphara: LOTSA rental apartment buildings
 24937 | Crypt:3  | Found an ancient bone altar of Kikubaaqudgha.
 24973 | Crypt:3  | Reached ****** piety under the Shining One
 24981 | Crypt:3  | Reached skill level 8 in Stealth
 24993 | Crypt:3  | bart: hey, I rent an apartment :(
 24993 | Crypt:3  | Sphara: these are municipal apartments
 24993 | Crypt:3  | Sphara: very cheap
 24993 | Crypt:3  | Sphara: well not mine
 24993 | Crypt:3  | bart: I've got necronomicon and regeneration on this character - I'm wondering if I should switch after I get holy weap
 24993 | Crypt:3  | Sphara: well
 24996 | Crypt:3  | Sphara: you going for 3 or 15
 24999 | Crypt:3  | Sphara: ?
 24999 | Crypt:3  | bart: 15
 25039 | Crypt:3  | Sphara: well.. kiku is very goddamn strong
 25053 | Crypt:3  | Sphara: as he blocks torments
 25059 | Crypt:3  | Sphara: and death curses
 25064 | Crypt:3  | bart: death curses from mummies, too? haven't been to tomb recently with kiku
 25064 | Crypt:3  | bart: I didn't remember that.
 25064 | Crypt:3  | Sphara: he does
 25064 | Crypt:3  | Sphara: i just allruned a kiku char
 25064 | Crypt:3  | bart: but there are barely any other advantages of kiku
 25082 | Crypt:3  | Sphara: well..
 25082 | Crypt:3  | bart: I won't benefit too much from his spells
 25092 | Crypt:3  | Sphara: corpse delivery and simulacrum
 25111 | Crypt:3  | Sphara: killed ereshkigal
 25120 | Crypt:3  | Sphara: without me taking any damage
 25136 | Crypt:3  | bart: lol
 25136 | Crypt:3  | bart: I've heard it's good
 25136 | Crypt:3  | bart: but this is surprising!
 25136 | Crypt:3  | bart: eresh has no rC I suppose?
 25143 | Crypt:3  | Got a fine bronze ring
 25144 | Crypt:3  | Identified the ring "Waiplism" {Int+4 Stlth+} (You found it on level 3 of the Crypt)
 25166 | Crypt:3  | Noticed a bone dragon
 25171 | Crypt:3  | Sphara: i think she has only one point
 25185 | Crypt:3  | Killed a bone dragon
 25211 | Crypt:3  | Noticed Xtahua
 25216 | Crypt:3  | Sphara: asmodeus blew them up too fast
 25216 | Crypt:3  | Identified a +9 executioner's axe of holy wrath (a +7 executioner's axe of flaming blessed by the Shining One)
 25216 | Crypt:3  | Received a gift from the Shining One
 25217 | Crypt:3  | Sphara: but cerebov was a joke
 25217 | Crypt:3  | bart: really? did he forget he can firestorm?
 25217 | Crypt:3  | Sphara: apparently yes
 25217 | Crypt:3  | Sphara: i also netted him
 25217 | Crypt:3  | bart: yeah, sometimes it happens.
 25217 | Crypt:3  | bart: I don't think I really need strength boost though
 25217 | Crypt:3  | bart: just defense
 25217 | Crypt:3  | bart: but kiku is out
 25217 | Crypt:3  | bart: not after tso
 25217 | Crypt:3  | bart: I could have went that way after trog directly.
 25226 | Crypt:3  | Killed Xtahua
 25235 | Crypt:3  | Sphara: well makhleb would be an easymode
 25237 | Crypt:3  | bart: same
 25240 | Crypt:3  | bart: no evil gods.
 25240 | Crypt:3  | bart: only ash/jiyva are serious options, I think.
 25240 | Crypt:3  | bart: so I probably shouldn't bother at all and just spend exp elsewhere than necro.
 25348 | Crypt:3  | Sphara: there's always Chei
 25348 | Crypt:3  | Reached XP level 21. HP: 194/194 MP: 22/31
 25349 | Crypt:3  | bart: oh yes, I haven't thought of him
 25349 | Crypt:3  | bart: that would be interesting!
 25362 | Crypt:3  | Reached skill level 9 in Stealth
 25448 | Crypt:3  | bart: but hmmm, no
 25448 | Crypt:3  | bart: above all, I want to get cblink.
 25448 | Crypt:3  | bart: I know there's a kind of synergy between chei and cblink
 25448 | Crypt:3  | bart: but I wanted to use cblink to steal, not to approach enemies!
 25459 | Crypt:3  | Sphara: the fastest way to get cblink without angering TSO is going zin
 25475 | Crypt:3  | Sphara: vitalization gives goody goody stat boosts
 25475 | Crypt:3  | bart: or ash for skill boosts
 25480 | Crypt:3  | Sphara: oh yeees
 25489 | Crypt:3  | Learned a level 8 spell: Controlled Blink
 25489 | Crypt:3  | Sphara: TSO doesnt get mad joining Ash
 25513 | Crypt:3  | bart: I think I'm overthinking
 25513 | Crypt:3  | bart: I have big axe
 25513 | Crypt:3  | bart: I should just cleave everything to death.
 25570 | Crypt:3  | oh no you don't
 25579 | Crypt:3  | Reached skill level 11 in Dodging
 25635 | Crypt:3  | bart: zin tempts me still a bit, but I have no rN sources besides of warding
 25635 | Crypt:3  | bart: so it seems I'll stick with TSO for now.
 25646 | Crypt:3  | Found a staircase to the Tomb.
 25651 | Crypt:3  | Reached skill level 1 in Invocations
 25679 | Crypt:3  | Sphara: also zin requires much heavier invo investment than TSO
 25682 | Crypt:3  | bart: but it's HO
 25682 | Crypt:3  | bart: +3 apt
 25682 | Crypt:3  | Sphara: well yeah
 25705 | Crypt:3  | bart: tbh that was initial plan - to make a zin-ite
 25705 | Crypt:3  | bart: but exec axe stole my attention completely!
 25773 | Crypt:2  | Reached skill level 2 in Invocations
 25788 | Crypt:2  | Reached skill level 3 in Invocations
 25809 | Crypt:2  | bart: will you play your account during tournament or comborobin?
 25821 | Crypt:2  | Reached skill level 4 in Invocations
 25844 | Crypt:2  | Sphara: i dunno
 25851 | Crypt:2  | Reached skill level 5 in Invocations
 25914 | Crypt:2  | sea of life
 25915 | Crypt:2  | Sphara: i should just watch that my ulnar nerve doesnt start fucking again
 25921 | Crypt:2  | Sphara: but if i join some hardcore team
 25921 | Crypt:2  | Sphara: maybe i could squeeze 4-5 wins
 25921 | Crypt:2  | Sphara: in two weeks
 25921 | Crypt:2  | bart: oh fuck
 25921 | Crypt:2  | bart: ulnar nerve
 25921 | Crypt:2  | bart: suddenly everything makes sense
 25921 | Crypt:2  | Sphara: oh?
 25921 | Crypt:2  | Sphara: you have symptoms or what?
 25921 | Crypt:2  | bart: I had recently some issues with that, but I didn't know it's ulnar nerve
 25921 | Crypt:2  | bart: the way I sleep + the way I sit
 25921 | Crypt:2  | Sphara: little finger getting numb
 25921 | Crypt:2  | bart: yes
 25921 | Crypt:2  | bart: but I thought it's more a carpal tunnel syndrome
 25921 | Crypt:2  | Sphara: and the part of next finger?
 25921 | Crypt:2  | bart: man
 25921 | Crypt:2  | Sphara: it can lead into permanent muscle loss if you do not rest it
 25921 | Crypt:2  | bart: you're my therapist now.
 25921 | Crypt:2  | bart: it's been good for the last week
 25921 | Crypt:2  | bart: but two weeks before I really started to worry.
 25940 | Crypt:2  | Reached skill level 6 in Invocations
 25965 | Crypt:2  | Paralysed by a vampire knight for 2 turns
 26003 | Crypt:2  | Reached skill level 7 in Invocations
 26050 | Crypt:1  | Reached skill level 12 in Dodging
 26050 | Crypt:1  | Reached skill level 8 in Invocations
 26057 | Crypt:1  | Sphara: if you sit low and rest your arm on your knee while typing
 26057 | Crypt:1  | Sphara: you can easily get it you play 3-4 h sessions a day
 26057 | Crypt:1  | Sphara: like i did last summer
 26057 | Crypt:1  | bart: but it was mostly my fault, resting too much on my right hand, which showed symptomps.
 26057 | Crypt:1  | bart: +work.
 26099 | Vaults:2 | bart: I rest my hands now on forearm, it basically solved the issue.
 26106 | Vaults:2 | Found Panajug's Armour Shop.
 26131 | Vaults:2 | bart: hey Sphara, you see that armour? :D
 26131 | Vaults:2 | Sphara: i do see it
 26131 | Vaults:2 | bart: no casting for me.
 26131 | Vaults:2 | bart: unless chei.
 26131 | Vaults:2 | Sphara: or very good +str item
 26131 | Vaults:2 | bart: but I think chei would screw me more than help.
 26131 | Vaults:2 | bart: so I'll try to tank through the rest of game.
 26322 | Vaults:2 | bart: stupid human body
 26322 | Vaults:2 | bart: why can't it adapt
 26322 | Vaults:2 | Sphara: also about that nerve lock, try to get to sleep with your arm straight if possible
 26322 | Vaults:2 | bart: I also have dry eyes problem - too much artificial light + computer
 26322 | Vaults:2 | bart: I've been sleeping with my arm under neck for the whole life. I can't otherwise.
 26334 | Vaults:2 | Sphara: ah
 26408 | Vaults:2 | HP: 46/194 [flayed ghost/flay_damage (23)]
 26448 | Vaults:2 | bart: I already tried few times to change that habit
 26448 | Vaults:2 | Sphara: i've had my right arm resting on my chest, bent over 90 degrees
 26448 | Vaults:2 | bart: resulted in sleepless hours :P
 26500 | Vaults:2 | Sphara: that position of mine only does bad for that syndrome
 26500 | Vaults:2 | bart: I didn't think it could have that kind of impact!
 26528 | Vaults:2 | Sphara: my friend had this too
 26556 | Vaults:2 | Sphara: also sitting on a computer
 26559 | Vaults:2 | Reached skill level 9 in Invocations
 26584 | Vaults:2 | Sphara: but not playing a fantasy game
 26597 | Vaults:2 | Sphara: rather than gambling
 26635 | Vaults:2 | Sphara: hand over a mouse 6-7h a day
 26753 | Vaults:3 | Reached XP level 22. HP: 203/203 MP: 23/32
 26760 | Vaults:3 | Sphara: he lost so much money that he barely has a decent life anymore
 26771 | Vaults:3 | Upgraded the game from 0.18-a0-33-g9e10395 to 0.18-a0-46-g45ca8e4
 26780 | Vaults:3 | bart: I know nothing about gambling
 26780 | Vaults:3 | Sphara: my friend lost 120.000 e
 26780 | Vaults:3 | Sphara: took all the credits he could find
 26780 | Vaults:3 | bart: I mean, I think it's stupid. Never understood the concept, no appeal whatsoever.
 26799 | Vaults:3 | Found a magical portal.
 26821 | Vaults:3 | Sphara: i do gamble
 26830 | WizLab   | Entered Zonguldrok's Shrine
 26851 | WizLab   | Sphara: but not like a mental patient
 26989 | WizLab   | Reached skill level 10 in Invocations
 26999 | WizLab   | bart: I can finally understand the appeal of axes.
 26999 | WizLab   | bart: Axes are certainly not bad.
 27004 | WizLab   | Noticed an antique lich
 27010 | WizLab   | Killed an antique lich
 27036 | WizLab   | Sphara: they're not that great early
 27039 | WizLab   | bart: correct
 27039 | WizLab   | Sphara: but oh yes the do get better
 27039 | WizLab   | bart: they also require a lot of skill
 27039 | WizLab   | Sphara: when you get more durable
 27039 | WizLab   | bart: but look at this other way - a lot of skill means also additional damage
 27039 | WizLab   | bart: even if it's 10% only, it's noticeable
 27039 | WizLab   | bart: and axes do not lag behind other types that much (if at all)
 27043 | WizLab   | Sphara: only weak part is the base damage
 27043 | WizLab   | 3rd wand of HW
 27043 | WizLab   | Sphara: but you cannot notice that with exec axe :D
 27043 | WizLab   | still no haste
 27043 | WizLab   | bart: even battleaxe is 15, that's not terrible
 27043 | WizLab   | bart: I have to fsim baxe vs great mace
 27043 | WizLab   | bart: but 17/15=1,13
 27043 | WizLab   | bart: yeah, 15% more damage against stone giant
 27182 | Vaults:4 | bart: what strategy do you recommend for v:5?
 27230 | Vaults:4 | Sphara: can immolation anger TSO by any chance
 27235 | Vaults:4 | bart: no
 27235 | Vaults:4 | Sphara: ?
 27253 | Vaults:4 | Sphara: that has been my strategy
 27257 | Vaults:4 | Reached skill level 19 in Fighting
 27266 | Vaults:4 | Reached skill level 17 in Armour
 27271 | Vaults:4 | Reached skill level 11 in Invocations
 27301 | Vaults:4 | Sphara: haste, immolate, kill guards and then try to reach the outer corridot
 27342 | Vaults:4 | bart: my sources of rF are: h)
 27342 | Vaults:4 | bart: and that's it
 27342 | Vaults:4 | Sphara: well then blink your way
 27342 | Vaults:4 | Sphara: or make a risk teleport
 27347 | Vaults:4 | bart: the halo will attract enemies
 27347 | Vaults:4 | bart: so teleport does not appeal to me
 27347 | Vaults:4 | Sphara: do you need rF for immolation?
 27347 | Vaults:4 | bart: depends
 27347 | Vaults:4 | Sphara: just dont stand next to a exploding guard
 27347 | Vaults:4 | bart: haha, I'll try to.
 27359 | Vaults:4 | Sphara: btw
 27379 | Vaults:4 | Sphara: you have a wand of fire?
 27396 | Vaults:4 | bart: no
 27453 | Vaults:4 | Sphara: penet javelins should be good
 27454 | Vaults:4 | bart: no skill in throwing!
 27503 | Vaults:4 | Reached skill level 1 in Throwing
 27654 | Vaults:4 | Sphara: with trog wrath on, any strategy is risky
 27668 | Vaults:4 | Sphara: ah my phone..
 27690 | Vaults:4 | Reached skill level 2 in Throwing
 27713 | Vaults:4 | Sphara: twin sister
 27725 | Vaults:4 | Sphara: is coming to a SURPRISE visit
 27725 | Vaults:4 | bart: :D
 27725 | Vaults:4 | Sphara: my place is a sty
 27725 | Vaults:4 | Sphara: she's gonna start cleaning
 27725 | Vaults:4 | Sphara: i know her
 27725 | Vaults:4 | bart: that's a nice girl!
 27725 | Vaults:4 | Sphara: hold on
 27729 | Vaults:4 | Sphara: fuck those anons..
 27729 | Vaults:4 | Sphara: https://fi.linkedin.com/in/elinapeltonen
 27729 | Vaults:4 | Sphara: my twin
 27729 | Vaults:4 | Vidiiot: Oh wow you use LinkedIn? :p
 27729 | Vaults:4 | Sphara: not me
 27729 | Vaults:4 | Vidiiot: I've been whining at people on dcss to use it
 27729 | Vaults:4 | Sphara: my sister
 27729 | Vaults:4 | Vidiiot: And nobody had even heard of it lol..
 27729 | Vaults:4 | Vidiiot: It's so good for business.
 27729 | Vaults:4 | bart: look who's been stalking
 27729 | Vaults:4 | Sphara: i gotta go now. doorbell's gonna ring anytime
 27729 | Vaults:4 | Sphara: cya later fellas
 27729 | Vaults:4 | bart: enjoy your family time :)
 27729 | Vaults:4 | Vidiiot: Byeee
 27729 | Vaults:4 | bart: Vidiiot
 27729 | Vaults:4 | bart: I cannot join a clan with such stupid name.
 27729 | Vaults:4 | Vidiiot: Hello
 27729 | Vaults:4 | Vidiiot: Rofl
 27729 | Vaults:4 | Vidiiot: It's just a temp name :(
 27729 | Vaults:4 | bart: also
 27729 | Vaults:4 | bart: you've got no fellows!
 27729 | Vaults:4 | Vidiiot: I know
 27729 | Vaults:4 | Vidiiot: You didnt even join
 27729 | Vaults:4 | Vidiiot: :(
 27729 | Vaults:4 | bart: why an epic pro-player like me would join you if your team name says REEEE
 27729 | Vaults:4 | bart: or was it REEE?
 27729 | Vaults:4 | Vidiiot: :(
 27729 | Vaults:4 | bart: you need to find a better name
 27729 | Vaults:4 | bart: do you need help?
 27731 | Vaults:5 | Entered Level 5 of the Vaults
 27741 | Vaults:5 | Reached skill level 12 in Invocations
 27745 | Vaults:5 | Reached skill level 3 in Throwing
 27761 | Vaults:5 | Reached skill level 4 in Throwing
 27785 | Vaults:5 | Noticed an ancient lich
 27787 | Vaults:5 | Paralysed by an ancient lich for 7 turns
 27791 | Vaults:5 | HP: 46/205 [ettin/dire flail (13)]
 27792 | Vaults:5 | HP: 10/205 [ettin/dire flail (23)]
 27792 | Vaults:5 | Mangled by an ettin

Vault maps used:
D:1:      kb_arrival_jail, serial_forest, infiniplex_forest_end_1,
          infiniplex_forest_straight_4, infiniplex_forest_end_2,
          infiniplex_forest_side_room, infiniplex_forest_lined_3,
          infiniplex_forest_clump_large, infiniplex_forest_straight_1,
          infiniplex_forest_clump_curved, infiniplex_forest_zigzag_1
D:2:      lemuel_doored_altar, serial_aquarium, aquarium_bridge_square,
          aquarium_window_corridor_3, aquarium_window_fake, aquarium_view_2a,
          aquarium_view_2c, aquarium_pool_2, first_bread, elyvilon_altar_1
D:3:      nicolae_overflow_crystal_walls, zin_academy, roderic_serpentine_path,
          nicolae_ru_awakened_eye, uniq_crazy_yiuf_cottage
D:4:      lightli_temple_of_fire, uniq_purgy
D:5:      nemelex_altar_shiori, nicolae_qazlal_eye_of_the_storm, temple_green,
          serial_shops, shop
D:6:      minmay_misc_feat_more_columns, roderic_curled_sauvastika
D:7:      lemuel_zombie_altar_yredelemnul, serial_shops, nicolae_shop_stone
D:8:      serial_shops, shop_fountains, david_nohive_1
D:9:      david_lair_generic, serial_shops, nicolae_shop_behind_doors
D:10:     hiddenorc1_lemuel, nicolae_gozag_seed_capital
D:11:     st_stairs_14
D:12:     serial_shops, shop_statue, spider_trap
D:13:     david_vaults_2, nicolae_lava_and_water, grunt_ministairs_7,
          yredelemnul_altar_generic, uniq_maurice
D:14:     minmay_misc_feat_rugged
D:15:     hangedman_depths_entry_civil_slaughter, kennysheep_crisscross
Temple:   circular_temple_pool_12
Lair:1:   serial_bayou_shore_b
Lair:2:   columned_hall_lemuel, infiniplex_staircase_pool_2
Lair:3:   dummy_spider_entry, disabler_island, uniq_urug
Lair:4:   serial_bayou, serial_bayou_ford_a, serial_bayou_pond_c,
          serial_bayou_shore_a, serial_bayou_pond_d
Lair:5:   serial_bayou, serial_bayou_crossing, serial_bayou_lagoon_b,
          serial_bayou_pond_b, serial_bayou_pond_b, minivault_23, uniq_kirke
Lair:6:   elwin_shoals_entry_rooms, uniq_snorg
Lair:7:   minmay_slime_entry_oklob_open, grunt_megastairs_2, uniq_maud
Lair:8:   due_jungle_book, dpeg_oklob_1
Shoals:1: serial_shops, shop_statue
Shoals:2: nicolae_shoals_mertower
Shoals:3: serial_shops, shop, uniq_mara
Shoals:4: shoals_end_grunt_ice, shoal_ilsuiw
Spider:1: mumra_spider_spiderweb, uniq_frances, uniq_azrael
Spider:2: nicolae_crawler_farm
Spider:4: spider_rune_water
Orc:1:    portal_ice_cave_entry_pillars_01
Orc:2:    basic_altar, serial_shops, nicolae_shop_stone, nicolae_shop_stone,
          shop, shop
Orc:3:    serial_shops, nicolae_shop_crystal, nicolae_orc_pool_cavern, trog_book
Orc:4:    st_orc_mages
Elf:1:    serial_shops, nicolae_shop_behind_doors, shop, shop, shop,
          hangedman_elf_represent
Elf:2:    serial_shops, shop, onia_ninara_cookie, uniq_agnes, uniq_saint_roka
Elf:3:    minmay_elf_hall_spiked, serial_shops, shop
Vaults:1: hangedman_vaults_stitches, vaults_dpeg_diagonal,
          nicolae_vaults_statue_guard, v_misc_5, hangedman_vaults_snaps,
          vaults_room_ringed_pool, vaults_dpeg_ring, nicolae_vaults_theta
Vaults:2: hangedman_vaults_slice, minmay_crypt_entry_simple_plaza,
          nicolae_vaults_arrows, vaults_room_boxed, vaults_room_pools,
          vaults_mumra_bighexcomb, ontoclasm_vaults_eye, v_misc_5,
          vaults_dpeg_encased_lava, ontoclasm_vaults_spin, v_alt_pattern_1,
          nicolae_vaults_shelves_hall, v_misc_17, serial_shops, shop_coins,
          uniq_jory
Vaults:3: dpeg_vaults_monster_row, nicolae_vaults_border_crossing, v_pattern_2,
          nicolae_vaults_what_the_h, v_misc_10, nicolae_vaults_triangles,
          grunt_vaults_hallway_short, nicolae_vaults_quartermaster,
          mu_enter_wizlab_6
Vaults:4: vaults_mumra_minichess_inversion, v_misc_3, v_pattern_3,
          nicolae_vaults_ring_of_whatevers, v_misc_16, hangedman_vaults_nails,
          hangedman_vaults_maws, nicolae_vaults_alarming
Crypt:1:  corner_web_ring
Crypt:2:  minmay_misc_feat_rows, lemuel_dead_fish_pool
Crypt:3:  grunt_crypt_end_deaths_head, uniq_xtahua
Depths:1: minmay_holes, hell_entry, minmay_librarian, uniq_aizul, uniq_sojobo
Depths:2: constructs_gauntlet_mu_hangedman, lightli_too_deep,
          kennysheep_generic_room_10
Depths:3: kennysheep_funnel, rand_demon_pan_entry_5, hell_entry,
          minmay_staircase_windowed_large
Depths:4: lightli_eight_chambers, enter_ziggurat_b, minmay_room_of_horrors,
          roderic_lattice_a, hell_entry
Depths:5: grunt_zot_entry_bicorn, hex_medium, grunt_hell_entry_dis_mu
IceCv:    ice_cave_small_giant
WizLab:   wizlab_zonguldrok

Action                   |  1- 3 |  4- 6 |  7- 9 | 10-12 | 13-15 | 16-18 | 19-21 | 22-24 || total
-------------------------+-------+-------+-------+-------+-------+-------+-------+-------++-------
Melee: Hand axe          |    45 |    83 |     4 |   198 |    18 |       |       |       ||   348
       Trident           |    25 |    62 |   404 |   342 |       |       |       |       ||   833
       War axe           |       |       |       |   150 |       |       |       |       ||   150
       Battleaxe         |       |       |       |   196 |   931 |   628 |       |       ||  1755
       Executioner's axe |       |       |       |       |     6 |   378 |  1064 |   260 ||  1708
 Fire: Blowgun           |       |     8 |     3 |       |    28 |    16 |       |       ||    55
Throw: Stone             |     1 |       |     6 |     1 |       |       |       |       ||     8
       Javelin           |       |       |       |       |       |     1 |     2 |     7 ||    10
Invok: Berserk           |       |       |     8 |    32 |    22 |    31 |       |       ||    93
       Trog's Hand       |       |       |       |     2 |     3 |    11 |     6 |       ||    22
       Brothers in Arms  |       |       |       |       |     4 |     4 |       |       ||     8
       Burn Spellbooks   |       |       |       |       |     1 |     2 |     2 |       ||     5
       Brand Weapon With |       |       |       |       |       |       |     1 |       ||     1
 Abil: Evoke Teleportati |       |       |       |       |     1 |       |       |       ||     1
       Evoke Flight      |       |       |       |       |       |     1 |       |       ||     1
       Evoke Berserk Rag |       |       |       |       |       |       |     2 |       ||     2
Evoke: Wand              |       |     2 |     1 |    13 |    17 |    12 |     5 |     6 ||    56
       Rod               |       |       |       |       |       |       |     1 |       ||     1
       Phial of floods   |       |       |       |       |       |       |     1 |       ||     1
  Use: Scroll            |       |    12 |     4 |    14 |    22 |    10 |    10 |    11 ||    83
       Potion            |       |       |       |    16 |     5 |     3 |     1 |     4 ||    29
 Stab: Petrifying        |     1 |       |       |       |       |       |       |       ||     1
       Sleeping          |       |     2 |       |       |       |       |       |       ||     2
       Paralysed         |       |     4 |       |    11 |       |       |       |       ||    15
       Invisible         |       |     1 |       |       |       |       |       |       ||     1
  Eat: Chunk             |       |     3 |    10 |    52 |    39 |    44 |    11 |       ||   159
       Bread ration      |       |       |     1 |       |       |     1 |     1 |       ||     3
       Fruit             |       |       |     1 |     1 |       |       |       |       ||     2
       Royal jelly       |       |       |     1 |     1 |     6 |       |       |       ||     8
       Meat ration       |       |       |     1 |       |     1 |     4 |     4 |       ||    10
       Pizza             |       |       |       |     2 |     1 |       |       |       ||     3
       Beef jerky        |       |       |       |     2 |     3 |     3 |     2 |       ||    10

Vault maps used:
D:1:      kb_arrival_jail, serial_forest, infiniplex_forest_end_1,
          infiniplex_forest_straight_4, infiniplex_forest_end_2,
          infiniplex_forest_side_room, infiniplex_forest_lined_3,
          infiniplex_forest_clump_large, infiniplex_forest_straight_1,
          infiniplex_forest_clump_curved, infiniplex_forest_zigzag_1
D:2:      lemuel_doored_altar, serial_aquarium, aquarium_bridge_square,
          aquarium_window_corridor_3, aquarium_window_fake, aquarium_view_2a,
          aquarium_view_2c, aquarium_pool_2, first_bread, elyvilon_altar_1
D:3:      nicolae_overflow_crystal_walls, zin_academy, roderic_serpentine_path,
          nicolae_ru_awakened_eye, uniq_crazy_yiuf_cottage
D:4:      lightli_temple_of_fire, uniq_purgy
D:5:      nemelex_altar_shiori, nicolae_qazlal_eye_of_the_storm, temple_green,
          serial_shops, shop
D:6:      minmay_misc_feat_more_columns, roderic_curled_sauvastika
D:7:      lemuel_zombie_altar_yredelemnul, serial_shops, nicolae_shop_stone
D:8:      serial_shops, shop_fountains, david_nohive_1
D:9:      david_lair_generic, serial_shops, nicolae_shop_behind_doors
D:10:     hiddenorc1_lemuel, nicolae_gozag_seed_capital
D:11:     st_stairs_14
D:12:     serial_shops, shop_statue, spider_trap
D:13:     david_vaults_2, nicolae_lava_and_water, grunt_ministairs_7,
          yredelemnul_altar_generic, uniq_maurice
D:14:     minmay_misc_feat_rugged
D:15:     hangedman_depths_entry_civil_slaughter, kennysheep_crisscross
Temple:   circular_temple_pool_12
Lair:1:   serial_bayou_shore_b
Lair:2:   columned_hall_lemuel, infiniplex_staircase_pool_2
Lair:3:   dummy_spider_entry, disabler_island, uniq_urug
Lair:4:   serial_bayou, serial_bayou_ford_a, serial_bayou_pond_c,
          serial_bayou_shore_a, serial_bayou_pond_d
Lair:5:   serial_bayou, serial_bayou_crossing, serial_bayou_lagoon_b,
          serial_bayou_pond_b, serial_bayou_pond_b, minivault_23, uniq_kirke
Lair:6:   elwin_shoals_entry_rooms, uniq_snorg
Lair:7:   minmay_slime_entry_oklob_open, grunt_megastairs_2, uniq_maud
Lair:8:   due_jungle_book, dpeg_oklob_1
Shoals:1: serial_shops, shop_statue
Shoals:2: nicolae_shoals_mertower
Shoals:3: serial_shops, shop, uniq_mara
Shoals:4: shoals_end_grunt_ice, shoal_ilsuiw
Spider:1: mumra_spider_spiderweb, uniq_frances, uniq_azrael
Spider:2: nicolae_crawler_farm
Spider:4: spider_rune_water
Orc:1:    portal_ice_cave_entry_pillars_01
Orc:2:    basic_altar, serial_shops, nicolae_shop_stone, nicolae_shop_stone,
          shop, shop
Orc:3:    serial_shops, nicolae_shop_crystal, nicolae_orc_pool_cavern, trog_book
Orc:4:    st_orc_mages
Elf:1:    serial_shops, nicolae_shop_behind_doors, shop, shop, shop,
          hangedman_elf_represent
Elf:2:    serial_shops, shop, onia_ninara_cookie, uniq_agnes, uniq_saint_roka
Elf:3:    minmay_elf_hall_spiked, serial_shops, shop
Vaults:1: hangedman_vaults_stitches, vaults_dpeg_diagonal,
          nicolae_vaults_statue_guard, v_misc_5, hangedman_vaults_snaps,
          vaults_room_ringed_pool, vaults_dpeg_ring, nicolae_vaults_theta
Vaults:2: hangedman_vaults_slice, minmay_crypt_entry_simple_plaza,
          nicolae_vaults_arrows, vaults_room_boxed, vaults_room_pools,
          vaults_mumra_bighexcomb, ontoclasm_vaults_eye, v_misc_5,
          vaults_dpeg_encased_lava, ontoclasm_vaults_spin, v_alt_pattern_1,
          nicolae_vaults_shelves_hall, v_misc_17, serial_shops, shop_coins,
          uniq_jory
Vaults:3: dpeg_vaults_monster_row, nicolae_vaults_border_crossing, v_pattern_2,
          nicolae_vaults_what_the_h, v_misc_10, nicolae_vaults_triangles,
          grunt_vaults_hallway_short, nicolae_vaults_quartermaster,
          mu_enter_wizlab_6
Vaults:4: vaults_mumra_minichess_inversion, v_misc_3, v_pattern_3,
          nicolae_vaults_ring_of_whatevers, v_misc_16, hangedman_vaults_nails,
          hangedman_vaults_maws, nicolae_vaults_alarming
Crypt:1:  corner_web_ring
Crypt:2:  minmay_misc_feat_rows, lemuel_dead_fish_pool
Crypt:3:  grunt_crypt_end_deaths_head, uniq_xtahua
Depths:1: minmay_holes, hell_entry, minmay_librarian, uniq_aizul, uniq_sojobo
Depths:2: constructs_gauntlet_mu_hangedman, lightli_too_deep,
          kennysheep_generic_room_10
Depths:3: kennysheep_funnel, rand_demon_pan_entry_5, hell_entry,
          minmay_staircase_windowed_large
Depths:4: lightli_eight_chambers, enter_ziggurat_b, minmay_room_of_horrors,
          roderic_lattice_a, hell_entry
Depths:5: grunt_zot_entry_bicorn, hex_medium, grunt_hell_entry_dis_mu
IceCv:    ice_cave_small_giant
WizLab:   wizlab_zonguldrok

Table legend:
 A = Turns spent in this place as a percentage of turns spent in the entire game.
 B = Non-inter-level travel turns spent in this place as a percentage of non-inter-level travel turns spent in the entire game.
 C = Inter-level travel turns spent in this place as a percentage of turns spent in this place.
 D = Turns resting spent in this place as a percentage of non-inter-level travel turns spent in this place.
 E = Turns spent auto-exploring this place as a percentage of non-inter-level travel turns spent in this place.
 F = Non-inter-level travel turns spent in this place divided by the number of levels of this place that you've seen.
                   A       B       C       D       E      F
               +-------+-------+-------+-------+-------+----------------------
         Total | 100.0 | 100.0 |   0.3 |   0.3 |   0.0 | 470.6
       Dungeon |  22.7 |  22.7 |   0.3 |   0.2 |   0.0 | 384.7
        Temple |   0.1 |   0.1 |   3.4 |   0.0 |   0.0 |  28.0
          Lair |  18.8 |  18.8 |   0.7 |   0.1 |   0.2 | 595.8
        Shoals |   5.7 |   5.8 |   0.0 |   0.1 |   0.0 | 365.5
   Spider Nest |  10.2 |  10.2 |   0.0 |   0.0 |   0.0 | 650.5
  Orcish Mines |   6.2 |   6.2 |   0.5 |   0.0 |   0.0 | 395.8
   Elven Halls |   8.2 |   8.2 |   0.0 |   1.8 |   0.0 | 696.7
        Vaults |  10.1 |  10.1 |   0.1 |   0.4 |   0.0 | 514.0
         Crypt |   5.9 |   5.9 |   0.1 |   0.0 |   0.0 | 499.0
        Depths |   9.4 |   9.4 |   0.1 |   0.0 |   0.0 | 476.4
      Ice Cave |   1.6 |   1.6 |   0.0 |   0.0 |   0.0 | 399.0
        Wizlab |   1.0 |   1.0 |   0.0 |   0.0 |   0.0 | 261.0
               +-------+-------+-------+-------+-------+----------------------

Table legend:
 A = Kills in this place as a percentage of kills in entire the game.
 B = Kills by you in this place as a percentage of kills by you in the entire game.
 C = Kills by friends in this place as a percentage of kills by friends in the entire game.
 D = Other kills in this place as a percentage of other kills in the entire game.
 E = Experience gained in this place as a percentage of experience gained in the entire game.
 F = Experience gained in this place divided by the number of levels of this place that you have seen.
                   A       B       C       D       E      F
               +-------+-------+-------+-------+-------+----------------------
         Total | 100.0 | 100.0 | 100.0 | 100.0 | 100.0 | 12633.1
       Dungeon |  19.0 |  19.0 |   0.0 |  50.0 |   6.2 | 2840.5
          Lair |  15.1 |  15.0 |  21.4 |   0.0 |   8.8 | 7471.0
        Shoals |   3.0 |   2.7 |  28.6 |   0.0 |   3.7 | 6317.8
   Spider Nest |   7.5 |   7.4 |  28.6 |   0.0 |   7.1 | 12169.2
  Orcish Mines |  10.4 |  10.5 |   0.0 |   0.0 |   1.7 | 2883.8
   Elven Halls |   7.0 |   7.0 |   0.0 |  25.0 |  12.5 | 28533.0
        Vaults |  16.8 |  16.9 |   7.1 |   0.0 |  22.9 | 31230.2
         Crypt |  11.9 |  12.0 |   0.0 |   0.0 |  19.6 | 44647.3
        Depths |   6.7 |   6.6 |  14.3 |  25.0 |  14.7 | 19993.4
      Ice Cave |   0.9 |   1.0 |   0.0 |   0.0 |   0.5 | 3387.0
        Wizlab |   1.9 |   1.9 |   0.0 |   0.0 |   2.2 | 15284.0
               +-------+-------+-------+-------+-------+----------------------
